[ AOE2 MATCH · #505958161 ]
UnrankedMalians vs Bulgarians
Player's team · WIN
[ REPLAY ANALYSIS · EXTRACTED FROM THE RECORDED GAME ]
Feudal
11:23
Castle
15:24
Imperial
—
| APM avg | 32.9 |
| APM peak | 83 |
| eAPM avg | 15.9 |
| Villagers / military | 39 / 8 |
Focus
⚔️ 16.5% · 🌾 83.5%
Gbeto ×7 · Battering Ram ×1
Feudal
10:54
Castle
—
Imperial
—
| APM avg | 45.0 |
| APM peak | 70 |
| eAPM avg | 19.2 |
| Villagers / military | 68 / 14 |
Focus
⚔️ 28.3% · 🌾 71.7%
Skirmisher ×7 · Militia ×5 · Spearman ×2
Match map
Initial resources + every placement click. Lines = walls · curves = elevation contours. ◆ gold · ⬟ stone · ● berries · ✦ relic · ◌ wall gap
Your base· Open — opponent sealed themselves in
Drunken master's base· Open — unwalled flank
Smoothed initial terrain · ◌ = detected wall gap · hover for details
Inputs per minute
— Subclavian - - Drunken master
Build order — Subclavian
94 actions detected in the replay
| 0:00 | Queue | Villager (Male) |
| 0:01 | Queue | Villager (Male) |
| 0:01 | Queue | Villager (Male) |
| 0:01 | Queue | Villager (Male) |
| 0:02 | Queue | Villager (Male) |
| 0:03 | Build | House |
| 0:05 | Build | House |
| 1:25 | Queue | Villager (Male) |
| 1:26 | Queue | Villager (Male) |
| 1:46 | Build | Lumber Camp |
| 2:02 | Queue | Villager (Male) |
| 2:25 | Queue | Villager (Male) |
| 2:55 | Queue | Villager (Male) |
| 2:55 | Queue | Villager (Male) |
| 3:00 | Queue | Villager (Male) |
| 3:42 | Queue | Villager (Male) |
| 3:50 | Build | House |
| 3:54 | Build | House |
| 4:05 | Queue | Villager (Male) |
| 4:05 | Queue | Villager (Male) |
| 4:13 | Queue | Villager (Male) |
| 4:34 | Build | Palisade Wall |
| 4:43 | Build | Mill |
| 5:03 | Queue | Villager (Male) |
| 5:03 | Queue | Villager (Male) |
| 5:03 | Queue | Villager (Male) |
| 5:04 | Queue | Villager (Male) |
| 5:18 | Queue | Villager (Male) |
| 5:19 | Queue | Villager (Male) |
| 5:38 | Queue | Villager (Male) |
| 6:11 | Queue | Villager (Male) |
| 6:32 | Build | Mining Camp |
| 6:44 | Queue | Villager (Male) |
| 6:53 | Build | Palisade Wall |
| 7:09 | Queue | Villager (Male) |
| 7:09 | Queue | Villager (Male) |
| 7:10 | Queue | Villager (Male) |
| 7:30 | Queue | Villager (Male) |
| 7:30 | Queue | Villager (Male) |
| 7:48 | Build | Mining Camp |
| 7:54 | Build | Palisade Wall |
| 7:55 | Build | Palisade Wall |
| 7:55 | Build | Palisade Wall |
| 8:13 | Build | Palisade Wall |
| 8:31 | Build | Mill |
| 8:33 | Research | Loom |
| 8:40 | Research | Feudal Age |
| 9:06 | Build | Palisade Wall |
| 9:09 | Build | House |
| 9:11 | Build | House |
| 9:22 | Queue | Villager (Male) |
| 9:30 | Build | House |
| 9:40 | Build | Palisade Wall |
| 9:52 | Queue | Villager (Male) |
| 10:53 | Build | House |
| 11:23 | Age | Feudal Age |
| 11:26 | Build | Market |
| 11:30 | Build | Blacksmith |
| 11:34 | Queue | Villager (Male) |
| 12:09 | Build | House |
| 12:22 | Build | House |
| 12:26 | Build | House |
| 12:34 | Build | House |
| 12:44 | Research | Castle Age |
| 15:02 | Build | Farm |
| 15:02 | Build | Farm |
| 15:03 | Build | Farm |
| 15:03 | Build | Farm |
| 15:03 | Build | Farm |
| 15:05 | Build | Farm |
| 15:24 | Age | Castle Age |
| 15:33 | Build | Castle |
| 15:34 | Queue | Villager (Male) |
| 15:59 | Queue | Villager (Male) |
| 16:10 | Queue | Villager (Male) |
| 16:34 | Build | Siege Workshop |
| 16:50 | Queue | Gbeto |
| 16:50 | Queue | Gbeto |
| 17:05 | Queue | Villager (Male) |
| 17:06 | Queue | Villager (Male) |
| 17:08 | Build | Farm |
| 17:16 | Build | Farm |
| 17:18 | Queue | Gbeto |
| 17:42 | Queue | Battering Ram |
| 17:47 | Build | House |
| 17:56 | Queue | Gbeto |
| 17:56 | Queue | Gbeto |
| 18:01 | Build | Farm |
| 18:06 | Build | Farm |
| 18:23 | Queue | Gbeto |
| 18:26 | Build | House |
| 18:27 | Build | House |
| 18:47 | Queue | Gbeto |
| 18:47 | Queue | Villager (Male) |
Build order — Drunken master
138 actions detected in the replay
| 0:02 | Queue | Villager (Male) |
| 0:02 | Queue | Villager (Male) |
| 0:02 | Queue | Villager (Male) |
| 0:02 | Queue | Villager (Male) |
| 0:03 | Queue | Villager (Male) |
| 0:05 | Build | House |
| 0:06 | Build | House |
| 1:22 | Queue | Villager (Male) |
| 2:07 | Build | Lumber Camp |
| 2:07 | Queue | Villager (Male) |
| 2:18 | Queue | Villager (Male) |
| 2:31 | Queue | Villager (Male) |
| 3:01 | Queue | Villager (Male) |
| 3:01 | Queue | Villager (Male) |
| 3:28 | Queue | Villager (Male) |
| 3:57 | Queue | Villager (Male) |
| 4:14 | Build | House |
| 4:42 | Queue | Villager (Male) |
| 4:42 | Queue | Villager (Male) |
| 5:05 | Build | Barracks |
| 5:09 | Queue | Villager (Male) |
| 5:15 | Queue | Villager (Male) |
| 5:40 | Build | House |
| 5:51 | Queue | Villager (Male) |
| 5:51 | Queue | Villager (Male) |
| 6:18 | Build | Mill |
| 6:23 | Queue | Militia |
| 6:23 | Queue | Militia |
| 6:24 | Queue | Militia |
| 6:24 | Queue | Militia |
| 6:38 | Queue | Villager (Male) |
| 7:30 | Queue | Villager (Male) |
| 8:04 | Research | Loom |
| 8:44 | Research | Feudal Age |
| 8:50 | Build | Farm |
| 9:02 | Build | House |
| 9:13 | Build | House |
| 9:14 | Queue | Villager (Male) |
| 9:31 | Queue | Villager (Male) |
| 9:36 | Build | Farm |
| 9:38 | Build | Farm |
| 9:38 | Queue | Villager (Male) |
| 9:39 | Queue | Villager (Male) |
| 9:39 | Queue | Villager (Male) |
| 9:47 | Build | Farm |
| 9:53 | Build | Palisade Wall |
| 10:07 | Build | Farm |
| 10:09 | Queue | Villager (Male) |
| 10:10 | Queue | Villager (Male) |
| 10:20 | Queue | Villager (Male) |
| 10:21 | Queue | Villager (Male) |
| 10:21 | Queue | Villager (Male) |
| 10:24 | Build | Mill |
| 10:54 | Age | Feudal Age |
| 11:12 | Queue | Villager (Male) |
| 11:12 | Queue | Villager (Male) |
| 11:26 | Build | Archery Range |
| 11:27 | Queue | Villager (Male) |
| 11:27 | Queue | Villager (Male) |
| 11:27 | Queue | Villager (Male) |
| 11:31 | Build | House |
| 11:34 | Build | Palisade Wall |
| 11:43 | Queue | Villager (Male) |
| 11:43 | Queue | Villager (Male) |
| 11:43 | Queue | Villager (Male) |
| 11:51 | Research | Double-Bit Axe |
| 11:51 | Research | Double-Bit Axe |
| 12:04 | Queue | Villager (Male) |
| 12:04 | Queue | Villager (Male) |
| 12:07 | Build | House |
| 12:16 | Queue | Villager (Male) |
| 12:16 | Queue | Villager (Male) |
| 12:16 | Queue | Villager (Male) |
| 12:18 | Queue | Villager (Male) |
| 12:32 | Build | Farm |
| 12:36 | Queue | Villager (Male) |
| 12:36 | Queue | Villager (Male) |
| 12:41 | Build | House |
| 12:42 | Queue | Skirmisher |
| 12:53 | Queue | Villager (Male) |
| 12:53 | Queue | Villager (Male) |
| 12:56 | Queue | Skirmisher |
| 13:13 | Build | Lumber Camp |
| 13:49 | Build | House |
| 13:50 | Queue | Skirmisher |
| 13:50 | Queue | Skirmisher |
| 14:00 | Build | House |
| 14:03 | Build | Palisade Wall |
| 14:08 | Build | Farm |
| 14:12 | Research | Horse Collar |
| 14:13 | Queue | Skirmisher |
| 14:15 | Queue | Villager (Male) |
| 14:24 | Build | Palisade Wall |
| 14:26 | Build | Palisade Wall |
| 14:31 | Build | Palisade Wall |
| 14:33 | Queue | Skirmisher |
| 14:39 | Build | House |
| 14:41 | Build | Palisade Wall |
| 14:42 | Queue | Villager (Male) |
| 14:43 | Queue | Villager (Male) |
| 14:47 | Build | Farm |
| 14:51 | Build | Palisade Wall |
| 15:02 | Queue | Spearman |
| 15:10 | Build | Farm |
| 15:14 | Queue | Skirmisher |
| 15:18 | Build | Farm |
| 15:31 | Build | Farm |
| 15:31 | Queue | Villager (Male) |
| 15:31 | Queue | Villager (Male) |
| 15:32 | Queue | Villager (Male) |
| 15:35 | Build | Farm |
| 15:45 | Queue | Villager (Male) |
| 15:45 | Queue | Villager (Male) |
| 16:00 | Build | Palisade Wall |
| 16:09 | Build | Mining Camp |
| 16:09 | Queue | Villager (Male) |
| 16:23 | Build | Mining Camp |
| 16:23 | Queue | Villager (Male) |
| 16:24 | Queue | Villager (Male) |
| 16:30 | Queue | Villager (Male) |
| 16:36 | Queue | Villager (Male) |
| 16:36 | Queue | Villager (Male) |
| 16:36 | Queue | Villager (Male) |
| 16:51 | Queue | Militia |
| 16:51 | Queue | Spearman |
| 16:59 | Build | Farm |
| 17:02 | Build | Farm |
| 17:04 | Queue | Villager (Male) |
| 17:16 | Build | Farm |
| 17:18 | Queue | Villager (Male) |
| 17:18 | Queue | Villager (Male) |
| 17:20 | Build | Farm |
| 17:27 | Build | Palisade Wall |
| 17:49 | Build | Blacksmith |
| 18:02 | Build | House |
| 18:06 | Build | House |
| 18:37 | Build | Market |
| 18:40 | Queue | Villager (Male) |
Match timeline
| 4:34 | Subclavian · wall_segment Palisade Wall x1 |
| 5:05 | Drunken master · first_building Barracks |
| 6:53 | Subclavian · wall_segment Palisade Wall x6 |
| 7:54 | Subclavian · wall_segment Palisade Wall x1 |
| 7:55 | Subclavian · wall_segment Palisade Wall x1 |
| 7:55 | Subclavian · wall_segment Palisade Wall x1 |
| 8:13 | Subclavian · wall_segment Palisade Wall x7 |
| 9:06 | Subclavian · wall_segment Palisade Wall x1 |
| 9:40 | Subclavian · wall_segment Palisade Wall x1 |
| 9:53 | Drunken master · wall_segment Palisade Wall x5 |
| 10:54 | Drunken master · age_up feudal |
| 11:23 | Subclavian · age_up feudal |
| 11:26 | Drunken master · first_building Archery Range |
| 11:34 | Drunken master · wall_segment Palisade Wall x5 |
| 14:03 | Drunken master · wall_segment Palisade Wall x7 |
| 14:24 | Drunken master · wall_segment Palisade Wall x1 |
| 14:26 | Drunken master · wall_segment Palisade Wall x1 |
| 14:31 | Drunken master · wall_segment Palisade Wall x1 |
| 14:41 | Drunken master · wall_segment Palisade Wall x11 |
| 14:51 | Drunken master · wall_segment Palisade Wall x1 |
| 15:24 | Subclavian · age_up castle |
| 15:33 | Subclavian · first_building Castle |
| 16:00 | Drunken master · wall_segment Palisade Wall x1 |
| 16:34 | Subclavian · first_building Siege Workshop |
| 17:03 | Subclavian · first_market_buy 100 food |
| 17:27 | Drunken master · wall_segment Palisade Wall x1 |
| 18:59 | Drunken master · resign |
[ AI ANALYSIS · 1 CREDIT ]
What really happened in this match?
Wolo.gg analyzes every decision: build order, eco, micro, common mistakes by bracket. Personalized analysis on WhatsApp or Discord in 30 seconds.
Civ guide
Malians
Perfil
Jugador #1495334